 Dungeon Crawl Stone Soup version 0.18.1-48-g4cf74bf (webtiles) character file.

98 spacecwb the Charmwright (level 5, -6/39 HPs)
             Began as a Human Wanderer on Aug 11, 2016.
             Mangled by Sigmund
             ... wielding a +0 scythe
              (10 damage)
             ... on level 3 of the Dungeon.
             The game lasted 00:13:26 (3548 turns).

spacecwb the Charmwright (Human Wanderer)           Turns: 3548, Time: 00:13:26

Health: -6/39      AC:  6    Str: 17    XL:     5   Next: 1%
Magic:  6/8        EV:  9    Int: 12    God:
Gold:   105        SH:  0    Dex:  9    Spells: 2 memorised, 6 levels left

rFire  . . .     SeeInvis .     x - +0 mace (curse)
rCold  . . .     Gourm    +     q - +0 scale mail
rNeg   . . .     Faith    .     (no shield)
rPois  .         Spirit   .     (no helmet)
rElec  .         Dismiss  .     (no cloak)
rCorr  .         Reflect  .     (no gloves)
SustAt .         Harm     .     (no boots)
MR     .....                    j - amulet of the gourmand
Stlth  ..........               (no ring)
                                h - ring of loudness (curse)

@: very slightly contaminated, not resistant to hostile enchantments, extremely
unstealthy
A: no striking features
a: no special abilities


You were on level 3 of the Dungeon.
You were not hungry.

You visited 1 branch of the dungeon, and saw 3 of its levels.

You collected 105 gold pieces.

Inventory:

Hand Weapons
 c - a +0 whip
 d - a +0 blowgun
 i - a +0 club
 m - a +0 dagger
 p - a +0 dagger
 s - a +0 hunting sling
 w - a +0 dagger
 x - a cursed +0 mace (weapon)
 C - a +0 hunting sling
 D - a +0 dagger
Missiles
 g - 4 poisoned needles
 l - 20 stones (quivered)
 y - 20 arrows
Armour
 e - a +0 robe
 n - a +0 scale mail
 q - a +0 scale mail (worn)
 u - a +1 cloak
 v - a +0 ring mail
Jewellery
 h - a cursed ring of loudness (left hand)
 j - an amulet of the gourmand (around neck)
Scrolls
 k - 2 scrolls of identify {@r1}
 A - a scroll of random uselessness
 E - a scroll of immolation
Potions
 o - a potion of haste {unknown}
 r - a potion of might {unknown}
 t - a potion of ambrosia {unknown}
 z - a potion of beneficial mutation {unknown}
Books
 a - a book of Battle

   Spells                             Type                      Level
   a - Infusion                       Charms                       1
   b - Shroud of Golubria             Charms/Translocation         2
   c - Song of Slaying                Charms                       2
   d - Spectral Weapon                Hexes/Charms                 3
   e - Regeneration                   Charms/Necromancy            3
 b - Sokionoq's Disquisition on Changing

   Spells                             Type                      Level
   a - Sticks to Snakes               Transmutation                2
   b - Passwall                       Transmutation/Earth          2
Comestibles
 f - 2 bread rations
 B - a chunk of flesh


   Skills:
 + Level 2.3 Fighting
   Level 1.0 Crossbows
 + Level 2.0 Throwing
 + Level 1.7 Armour
 * Level 2.5 Spellcasting
 - Level 3.0 Charms
   Level 1.0 Fire Magic
   Level 1.0 Evocations


You had 6 spell levels left.
You knew the following spells:

 Your Spells              Type           Power        Failure   Level  Hunger
a - Infusion              Chrm           #...         28%         1    #......
b - Shroud of Golubria    Chrm/Tloc      #.........   77%         2    ###....


Dungeon Overview and Level Annotations

Branches:
Dungeon (3/15)

Altars:

Annotations:
D:3 Sigmund


Message History

You hear some strange, mumbled words.
Something tries to affect you, but you resist.
You now have 5/8 mp.
Something hits you.
You take 4 damage, and have 21/39 hp.
Something hits you.
You take 1 damage, and have 20/39 hp.
You miss something. Something hits you.
You take 2 damage, and have 18/39 hp.
You hit something. Something hits you.
You take 4 damage, and have 14/39 hp.
Your scale mail prevents you from hitting something.
Something hits you but does no damage.
You barely miss something. Something hits you but does no damage.
You closely miss something. Something hits you but does no damage.
You closely miss something. Something hits you!
* * * LOW HITPOINT WARNING * * *
You take 11 damage, and have 4/39 hp.
MASSIVE DAMAGE!!
You miss something. Something hits you!
You die...

### #### #..
..... #.# .....
#.# #
#=.##.####.#
###..........#
.......{@.....#
##$.#.##.###..#
#. #. #.# #..#
# #.###..###.
#.##.รท........
#......#..###
######.#..#
#.#..#######
#.#>.......#


There were no monsters in sight!

Vanquished Creatures
  3 adders (D:2)
  2 oozes (D:2)
  2 worms (D:2)
  3 dart slugs (D:1)
  4 giant cockroaches
  5 hobgoblins
  4 jackals (D:1)
  2 quokkas (D:2)
  A ball python (D:3)
  5 bats
  8 giant newts
  4 goblins (D:1)
  4 kobolds (D:1)
  10 rats
57 creatures vanquished.

Notes
Turn   | Place    | Note
--------------------------------------------------------------
     0 | D:1      | spacecwb the Human Wanderer began the quest for the Orb.
     0 | D:1      | spacecwb set off with: a book of Battle, Sokionoq's Disquisition on Changing, 14 poisoned needles, a +0 blowgun, a +0 robe, a bread ration
     0 | D:1      | Reached XP level 1. HP: 15/15 MP: 2/2
     2 | D:1      | Learned a level 1 spell: Infusion
    79 | D:1      | Reached XP level 2. HP: 6/21 MP: 3/3
   622 | D:1      | Reached XP level 3. HP: 10/27 MP: 5/5
  1924 | D:1      | Learned a level 2 spell: Shroud of Golubria
  2208 | D:2      | Reached XP level 4. HP: 24/33 MP: 7/7
  3325 | D:2      | Reached XP level 5. HP: 39/39 MP: 8/8
  3529 | D:3      | Noticed Sigmund
  3548 | D:3      | Mangled by Sigmund

Skill      XL: |  1  2  3  4 |
---------------+-------------+-----
Fighting       | 2 |  2.3
Spellcasting   | 2 |  2.5
Throwing       | 2 |  2.0
Crossbows      | |  1.0
Armour         | |  1.7
Charms         | |  3.0
Fire Magic     | |  1.0
Evocations     | |  1.0

Action                   |  1- 3 |  4- 6 || total
-------------------------+-------+-------++-------
Melee: Dagger            |   109 |    80 ||   189
       Whip              |     8 |       ||     8
       Mace              |       |    37 ||    37
 Fire: Blowgun           |    87 |       ||    87
Throw: Stone             |    14 |       ||    14
 Cast: Infusion          |     2 |       ||     2
  Use: Potion            |     2 |       ||     2
       Scroll            |     1 |     4 ||     5
  Eat: Chunk             |     2 |     3 ||     5
       Bread ration      |     1 |       ||     1
Armor: Robe              |    28 |       ||    28
       Scale mail        |    46 |    64 ||   110
Dodge: Dodged            |   156 |    71 ||   227
